 Dungeon Crawl Stone Soup version 0.29-a0-582-ge82337ba6a (webtiles) character file.

Game seed: 3952083888465331191

1880 croobank the Sneak (level 9, -3/59 HPs)
             Began as an Octopode Fire Elementalist on June 14, 2022.
             Was an Initiate of Gozag.
             Slain by a gnoll sergeant
             ... wielding a +0 trident
              (17 damage)
             ... on level 7 of the Dungeon.
             The game lasted 00:28:52 (9407 turns).

croobank the Sneak (Octopode Fire Elementalist)     Turns: 9407, Time: 00:28:52

Health: -3/59      AC:  1    Str:  7    XL:     9   Next: 14%
Magic:  6/16       EV: 14    Int: 28    God:    Gozag
Gold:   26         SH:  5    Dex: 12    Spells: 0/17 levels left

rFire   + . .      SeeInvis +   u - +3 short sword
rCold   + . .      Faith    .   (no shield)
rNeg    . . .      Spirit   .   (helmet restricted)
rPois   +          Reflect  +   j - amulet of reflection
rElec   +          Harm     .   q - ring of see invisible
rCorr   +          Rampage  .   h - +6 ring of intelligence
Will    .....                   (no ring)
Stlth   ++++......              (no ring)
HPRegen 0.19/turn               (no ring)
MPRegen 0.15/turn               (no ring)
                                (no ring)
                                (no ring)

@: mighty, resistant, gold aura, hasted, very quick
A: almost no armour, amphibious, 8 rings, camouflage 1, gelatinous body 1,
(nimble swimmer 1), tentacles
a: Renounce Religion, Potion Petition, Call Merchant, Bribe Branch


You were on level 7 of the Dungeon.
You worshipped Gozag.
Gozag was noncommittal.
You visited 2 branches of the dungeon, and saw 8 of its levels.

You collected 669 gold pieces.
You paid 643 gold pieces to Gozag.

Inventory:

Hand Weapons
 b - a +0 hand axe
 c - a +0 dagger
 f - a +0 great sword
 n - a +0 vorpal mace
 t - a +0 scythe
 u - a +3 short sword (weapon)
 w - a +1 hand axe of flaming
 y - a +0 falchion
Missiles
 e - 5 poisoned darts
Jewellery
 h - a +6 ring of intelligence (right tentacle)
 j - an amulet of reflection (around mantle)
 q - a ring of see invisible (left tentacle)
 r - an amulet of guardian spirit
 v - a ring of willpower
Scrolls
 m - a scroll of identify
 p - a scroll of amnesia
Potions
 a - a potion of magic
 d - a potion of flight {unknown}
 g - 2 potions of attraction
 i - 2 potions of might
 k - 2 potions of cancellation
 l - 7 potions of curing
 o - a potion of lignification {unknown}
 s - 2 potions of resistance
 x - a potion of brilliance {unknown}


   Skills:
 + Level 4.5 Fighting
 + Level 5.0 Dodging
 + Level 7.1 Stealth
 + Level 4.6 Spellcasting
 + Level 4.8 Conjurations
 + Level 5.5 Fire Magic


You couldn't memorise any spells.
You knew the following spells:

 Your Spells              Type           Power      Damage    Failure   Level
a - Foxfire               Conj/Fire      100%       2x1d9     1%          1
b - Scorch                Fire           74%        2d8       1%          2
c - Mephitic Cloud        Conj/Pois/Air  15%        N/A       11%         3
d - Flame Wave            Conj/Fire      35%        2d8       9%          4
e - Call Canine Familiar  Summ           6%         N/A       21%         3
f - Sticky Flame          Conj/Fire      35%        2d5       9%          4

Your spell library contained the following spells:

 Spells                   Type           Power      Damage    Failure   Level
 Magic Dart               Conj           100%       1d8       1%          1
 Conjure Flame            Conj/Fire      35%        6-21      2%          3
 Static Discharge         Conj/Air       19%        N/A       4%          2
 Summon Small Mammal      Summ           24%        N/A       7%          1
 Inner Flame              Hex/Fire       22%        N/A       7%          3
 Call Imp                 Summ           6%         N/A       11%         2
 Frozen Ramparts          Ice            12%        1d3       21%         3
 Summon Guardian Golem    Hex/Summ       6%         N/A       21%         3
 Dispel Undead            Necr           6%         3d8       56%         4
 Ice Form                 Ice/Tmut       6%         N/A       56%         4
 Summon Ice Beast         Ice/Summ       6%         N/A       56%         4


Dungeon Overview and Level Annotations

Branches:
Dungeon (7/15)             Temple (1/1) D:4

Altars:
Elyvilon
Fedhas
Gozag
Trog
Uskayaw
Zin

Annotations:
D:3 1 runed translucent door, DocClef's ghost, amateur GnDe
D:5 2 runed translucent doors
D:7 1 transporter


Innate Abilities, Weirdness & Mutations

You cannot wear most types of armour.
You are amphibious.
You can wear up to eight rings at the same time.
Your skin changes colour to match your surroundings (Stealth+).
Your rubbery body absorbs attacks. (AC +1, EV +1)
((You are camouflaged when in or above water. (Stealth+)))
You have tentacles for arms and can constrict up to eight enemies at once.


Message History

The gnoll sergeant's fire resistance burns away.
You hear a shout!
The gnoll sergeant hits you from afar with a +0 trident!!
* * * LOW HITPOINT WARNING * * *
Okay, then.
Okay, then.
Okay, then.
Okay, then.
You feel better. The gnoll sergeant barely misses you.
Casting: Scorch (safe; 1% risk of failure)
Confirm with . or Enter, or press ? or * to list all spells.
Flames lash the gnoll sergeant.
The gnoll sergeant is burned terribly!
The gnoll sergeant is heavily wounded.
The gnoll sergeant hits you from afar with a +0 trident!
* * * LOW HITPOINT WARNING * * *
Casting: Scorch (safe; 1% risk of failure)
Confirm with . or Enter, or press ? or * to list all spells.
Flames lash the gnoll.
The gnoll is severely wounded.
The gnoll's fire resistance burns away.
You hear a bark!
The gnoll sergeant closely misses you.
You hear a shout! [a] - 576 gold - resistance, might and haste [b] - 648 gold - resistance, might and haste [c] - 374 gold - lignification, might and resistance Purchase which effect?
You no longer have enough gold to petition Gozag for potion effects.
You feel protected.
You feel very mighty all of a sudden.
You feel yourself speed up. The gnoll sergeant barely misses you.
The gnoll barely misses you.
The gnoll is distracted by your dazzling golden aura.
The gnoll sergeant misses you. You block the gnoll's attack.
The gnoll hits you with a +0 spear.
* * * LOW HITPOINT WARNING * * *
The gnoll shouts!
The gnoll sergeant is no longer more vulnerable to fire.
The gnoll sergeant hits you from afar with a +0 trident!
You die...
Your body crumbles into a pile of gold.

# ...<...# #. #.# $
#........ #.##.#
....#.... #....#
#........ #.#...## #
#.#.#.... #..#.#.###.#
#.#.#.... #.....g.@..#
#.#.#....
##.#.#g##########........
#..$gg..............[..
##.############.#......
#.# ##...#.#### #$#
##......# #.# ##.......##
#g# #.........# #g#
##.......##


You could see a gnoll sergeant and a gnoll.

Vanquished Creatures
  Sigmund (D:5)
  Menkaure (D:5)
  A water moccasin (D:6)
  3 ice beasts
  2 ogres
  A phantom (D:5)
  Blork the orc (D:5)
  A bullfrog (D:6)
  A necrophage (D:4)
  A scorpion (D:5)
  A howler monkey (D:5)
  2 jellies
  An orc priest (D:7)
  7 hounds
  Jessica (D:2)
  2 iguanas (D:5)
  2 orc wizards (D:7)
  Robin (D:2)
  2 gnolls (D:7)
  8 adders
  A white imp (D:4)
  4 ufetubi
  17 orcs
  9 endoplasms
  3 giant cockroaches
  16 goblins
  13 hobgoblins
  13 jackals
  4 kobolds
  5 quokkas
  3 ball pythons
  9 bats
  2 frilled lizards (D:1)
  5 rats
144 creatures vanquished.

Vanquished Creatures (others)
  161 foxfires
  4 plants (D:1)
165 creatures vanquished.

Grand Total: 309 creatures vanquished

Notes
Turn   | Place    | Note
-------+----------+-------------------------------------------
     0 | D:1      | croobank the Octopode Fire Elementalist began the quest for
                  | the Orb.
     0 | D:1      | Reached XP level 1. HP: 11/11 MP: 3/3
   395 | D:1      | Reached skill level 3 in Stealth
   395 | D:1      | Reached XP level 2. HP: 12/17 MP: 3/5
   398 | D:1      | Learned a level 2 spell: Scorch
   999 | D:1      | Reached XP level 3. HP: 9/22 MP: 3/6
  1785 | D:2      | Learned a level 3 spell: Mephitic Cloud
  2201 | D:2      | Found a faded altar of an unknown god.
  2293 | D:2      | Noticed Jessica
  2303 | D:2      | Killed Jessica
  2304 | D:2      | Reached skill level 1 in Fighting
  2304 | D:2      | Reached XP level 4. HP: 25/28 MP: 4/7
  2940 | D:2      | Identified the +0 helmet "Ihyesagh" {rC+ MP+9 Int+4}
  2940 | D:2      | Noticed Robin
  3505 | D:2      | Killed Robin
  3713 | D:2      | Reached XP level 5. HP: 32/33 MP: 8/8
  4568 | D:3      | Reached skill level 4 in Stealth
  4712 | D:3      | Found a runed translucent door.
  4712 | D:3      | Noticed DocClef's ghost (amateur GnDe)
  5652 | D:4      | Reached XP level 6. HP: 23/39 MP: 5/10
  5818 | D:4      | Found a staircase to the Ecumenical Temple.
  5824 | D:4      | Learned a level 4 spell: Flame Wave
  5846 | Temple   | Entered the Ecumenical Temple
  5907 | Temple   | Became a worshipper of Gozag Ym Sagoz the Greedy
  6324 | D:4      | Noticed an ice beast
  6340 | D:4      | Killed an ice beast
  6501 | D:5      | Entered Level 5 of the Dungeon
  6505 | D:5      | Reached XP level 7. HP: 45/45 MP: 7/11
  6546 | D:5      | Noticed Menkaure
  6553 | D:5      | Killed Menkaure
  6554 | D:5      | Reached skill level 5 in Stealth
  6719 | D:5      | Noticed Sigmund
  7080 | D:5      | Found a white marble altar of Elyvilon.
  7148 | D:5      | Learned a level 3 spell: Call Canine Familiar
  7164 | D:5      | Killed Sigmund
  7165 | D:5      | Reached XP level 8. HP: 36/52 MP: 1/13
  7507 | D:5      | Noticed Blork the orc
  7517 | D:5      | Killed Blork the orc
  7765 | D:5      | Reached skill level 6 in Stealth
  7997 | D:5      | Found a large runed translucent door.
  7998 | D:5      | Found a large runed translucent door.
  8054 | D:5      | Found a hide-covered altar of Uskayaw.
  8363 | D:6      | Reached skill level 5 in Fire Magic
  8451 | D:6      | Found a blossoming altar of Fedhas.
  8492 | D:6      | HP: 2/54 [ogre/+0 giant club (17)]
  9062 | D:7      | Noticed a two-headed ogre
  9062 | D:7      | Noticed a two-headed ogre
  9062 | D:7      | Noticed a spriggan
  9155 | D:7      | Found a transporter.
  9196 | D:7      | Reached XP level 9. HP: 57/58 MP: 8/15
  9220 | D:7      | Learned a level 4 spell: Sticky Flame
  9240 | D:7      | Reached skill level 7 in Stealth
  9247 | D:7      | Reached skill level 5 in Dodging
  9407 | D:7      | Slain by a gnoll sergeant

Illustrated notes

Levels and vault maps discovered:
D:1:      nzn_arrival_settlement, layout_basic, serial_bayou,
          serial_bayou_pond_d, serial_bayou_pond_e, serial_bayou_pond_d,
          serial_bayou_pond_b, minmay_tromino_i4
D:2:      layout_loops_corners, shapermc_ecumenical_altar_notcrosses,
          serial_glass, glass_columns_b, glass_columns_a, due_unseen_surprise,
          feat_on_display, minmay_strange_pillars, minmay_goblin_kobold_house,
          uniq_robin, uniq_jessica
D:3:      layout_basic, hellmonk_ghost_happy_afterlife,
          kennysheep_generic_room_13
D:4:      layout_rooms, minmay_temple_entry_hall
D:5:      layout_rooms, kennysheep_mini_moat, jmf_multi_god_temple2,
          elyvilon_altar_3, bh_walls_and_bars, uniq_menkaure,
          uniq_blork_the_orc, uniq_sigmund
D:6:      layout_cave_pools, lemuel_tele_altar, roderic_malta_cross
D:7:      layout_loops_ring, gammafunk_ghost_abyssal_escape,
          hellmonk_guarded_unrand_gyre_and_gimble, uniq_pikel
Temple:   nicolae_temple_figure_eight

Skill      XL: |  1  2  3  4  5  6  7  8  9 |
---------------+----------------------------+-----
Stealth        | 3 4 5 6 7 |  7.1
Fighting       | 1 2 3 4 |  4.5
Conjurations   | 2 3 4 |  4.8
Dodging        | 3 4 5 |  5.0
Spellcasting   | 3 4 |  4.6
Fire Magic     | 4 5 |  5.5

Action                   |  1- 3 |  4- 6 |  7- 9 || total
-------------------------+-------+-------+-------++-------
Melee: Dagger            |    52 |    89 |     4 ||   145
       Tentacles         |    15 |    20 |    16 ||    51
       Constrict         |    15 |    28 |     8 ||    51
       Mace              |       |       |    13 ||    13
       Short sword       |       |       |    32 ||    32
 Cast: Foxfire           |    20 |    37 |    37 ||    94
       Scorch            |    12 |    36 |    39 ||    87
       Mephitic Cloud    |       |       |     1 ||     1
Invok: Potion Petition   |       |       |     1 ||     1
  Use: Scroll            |     6 |     4 |     7 ||    17
       Potion            |       |       |     4 ||     4
 Stab: Sleeping          |     2 |     6 |     2 ||    10
Armor: Skin              |     5 |     5 |     3 ||    13
Dodge: Dodged            |    47 |    81 |    37 ||   165
Block: Other             |       |       |    16 ||    16

Table legend: (Time is in decaauts)
 A = Elapsed time spent in this place.
 B = Non-inter-level travel time spent in this place.
 C = Inter-level travel time spent in this place.
 D = Time resting spent in this place.
 E = Time spent auto-exploring this place.
 F = Levels seen in this place.
 G = Mean time per level.
                   A        B        C        D        E       F      G
               +--------+--------+--------+--------+--------+-----+--------+
         Total |   9417 |   9239 |    178 |   2597 |   5207 |   8 | 1177.1 |
       Dungeon |   9335 |   9177 |    158 |   2597 |   5151 |   7 | 1333.6 |
        Temple |     81 |     61 |     20 |      0 |     56 |   1 |   81.0 |
               +--------+--------+--------+--------+--------+-----+--------+

Top non-repeatable levels by time:
     D:1: 2209 daAuts
     D:3: 1667 daAuts
     D:2: 1640 daAuts
     D:5: 1382 daAuts
     D:4: 1187 daAuts
     D:6: 784 daAuts
     D:7: 463 daAuts
  Temple: 81 daAuts
